 Dungeon Crawl Stone Soup version 0.28-a0-938-gbc3f381ebc (webtiles) character file.

Game seed: 8191297564821449644

77 Zonian the Poker (level 4, -2/34 HPs)
             Began as a Demonspawn Gladiator on Nov 30, 2021.
             Was a Believer of Ru.
             Slain by Grinder (9 damage)
             ... while paralysed by Grinder
             ... on level 3 of the Dungeon.
             The game lasted 00:03:01 (2057 turns).

Zonian the Poker (Demonspawn Gladiator)             Turns: 2057, Time: 00:03:02

Health: -2/34      AC:  4    Str: 14    XL:     4   Next: 14%
Magic:  4/4        EV:  2    Int: 10    God:    Ru [**....]
Gold:   161        SH:  0    Dex: 15    Spells: 3/3 levels left

rFire   . . .      SeeInvis .   k - +1 short sword (venom)
rCold   . . .      Faith    .   (shield unavailable)
rNeg    . . .      Spirit   .   b - +0 leather armour
rPois   .          Reflect  .   c - +0 helmet
rElec   .          Harm     .   (no cloak)
rCorr   .          Rampage  .   (no gloves)
Will    .....                   (no boots)
Stlth   +.........              e - amulet of the acrobat
HPRegen 0.11/turn               (ring unavailable)
MPRegen 0.09/turn               (no ring)

@: paralysed
A: hooves 1, powered by death 1, missing a hand
a: Renounce Religion


You were on level 3 of the Dungeon.
You worshipped Ru.
Ru was pleased with you.
You visited 1 branch of the dungeon, and saw 3 of its levels.

You collected 161 gold pieces.

Inventory:

Hand Weapons
 a - a +0 trident
 k - a +1 short sword of venom (weapon)
Missiles
 d - 3 throwing nets (quivered)
 f - 24 sling bullets
Armour
 b - a +0 leather armour (worn)
 c - a +0 helmet (worn)
Jewellery
 e - an amulet of the acrobat (around neck)
Scrolls
 i - a scroll of teleportation {unknown}
 j - a scroll of magic mapping {unknown}
 l - 2 scrolls of identify {unknown}
Potions
 g - a potion of might {unknown}
 h - a potion of heal wounds {unknown}
 m - a potion of invisibility {unknown}


   Skills:
 + Level 2.4 Fighting
 + Level 0.1 Short Blades
 - Level 3.6 Polearms
 + Level 1.8 Throwing
 - Level 1.0 Armour
 + Level 3.1 Dodging
 + Level 0.3 Stealth


You had 3 spell levels left.
You didn't know any spells.
Your spell library was empty.

Dungeon Overview and Level Annotations

Branches:
Dungeon (3/15)

Altars:
Ru

Annotations:
D:3 Grinder


Innate Abilities, Weirdness & Mutations

You have large cloven feet.
You regenerate a little health from kills.
You are missing a hand.


Message History

You hit the hobgoblin.
The hobgoblin is poisoned.
The hobgoblin is moderately wounded.
The hobgoblin closely misses you.
You hit the hobgoblin.
You kill the hobgoblin!
No target in view!
Unknown command.
You now have 161 gold pieces (gained 4).
l - 2 scrolls labelled TEOLLEW RANAMU (gained 1) Grinder comes into view.
Grinder shouts!
Grinder is nearby!
Unknown command.
Grinder says, "I used to sell toenails on the black market."
Grinder completely misses you.
You hit Grinder.
Grinder is lightly wounded.
Grinder closely misses you.
You hit Grinder. You kick Grinder.
Grinder is moderately wounded.
Grinder hits you!
You writhe in agony.
You focus your inner power and blind Grinder in retribution!
You hit Grinder but do no damage.
Grinder is poisoned.
Grinder is moderately wounded.
Grinder barely misses you.
Unknown command.
You barely miss Grinder. You kick Grinder, but do no damage.
Grinder is moderately wounded.
Grinder gestures at you.
You suddenly lose the ability to move!
Grinder gestures at you. Pain shoots through your body!
* * * LOW HITPOINT WARNING * * *
You redirect Grinder's attack!
Grinder barely misses herself.
Grinder is no longer blind.
Grinder gestures at you.
You shrug off the repeated paralysis!
Grinder hits you!
You die...

#.##...########.###
#.###.## #.#
#..#### #.# ##.#
#.### #.# #.... #.#
####. #.# #. #.# #.
#@# #. #5# #. #.#
#. #.# #. #.# #.
#.# #.# #.#


You could see Grinder (poisoned).

Vanquished Creatures
  An adder (D:2)
  A worm (D:2)
  10 endoplasms
  3 giant cockroaches (D:1)
  6 hobgoblins
  9 jackals
  6 ball pythons
  4 bats (D:1)
  3 frilled lizards (D:1)
  3 goblins (D:1)
  9 kobolds
  3 rats
58 creatures vanquished.

Notes
Turn   | Place    | Note
-------+----------+-------------------------------------------
     0 | D:1      | Zonian the Demonspawn Gladiator began the quest for the
                  | Orb.
     0 | D:1      | Reached XP level 1. HP: 16/16 MP: 1/1
   362 | D:1      | Gained mutation: You have large cloven feet. [demonic
                  | ancestry]
   362 | D:1      | Reached XP level 2. HP: 19/22 MP: 2/2
   889 | D:1      | Gained mutation: You regenerate a little health from kills.
                  | [demonic ancestry]
   889 | D:1      | Reached XP level 3. HP: 15/28 MP: 3/3
  1328 | D:2      | Found a faded altar of an unknown god.
  1340 | D:2      | Prayed at the altar of an unknown god.
  1340 | D:2      | Became a worshipper of Ru the Awakened
  1369 | D:2      | Gained mutation: You are missing a hand. [Ru sacrifice]
  1369 | D:2      | Reached * piety under Ru
  1369 | D:2      | Reached ** piety under Ru
  1435 | D:2      | Reached skill level 1 in Armour
  1551 | D:2      | Reached XP level 4. HP: 32/34 MP: 4/4
  2046 | D:3      | Noticed Grinder
  2053 | D:3      | Paralysed by Grinder for 5 turns
  2057 | D:3      | Slain by Grinder

Illustrated notes

Levels and vault maps discovered:
D:1:      dpeg_arrival_round_a, layout_basic
D:2:      layout_basic, hellmonk_ecumenical_altar_dog_temple,
          kennysheep_generic_room_5
D:3:      layout_loops_ring, uniq_sigmund, uniq_grinder

Skill      XL: |  1  2  3 |
---------------+----------+-----
Polearms       | 3 |  3.6
Dodging        | 3 |  3.1
Armour         | 1 |  1.0
Fighting       | |  2.4
Short Blades   | |  0.1
Throwing       | |  1.8
Stealth        | |  0.3

Action                   |  1- 3 |  4- 6 || total
-------------------------+-------+-------++-------
Melee: Trident           |   131 |     1 ||   132
       Kick              |    17 |     6 ||    23
       Short sword       |       |    20 ||    20
Invok: Sacrifice a Hand  |     1 |       ||     1
Armor: Leather armour    |    25 |     3 ||    28
Dodge: Dodged            |    72 |    18 ||    90

Table legend: (Time is in decaauts)
 A = Elapsed time spent in this place.
 B = Non-inter-level travel time spent in this place.
 C = Inter-level travel time spent in this place.
 D = Time resting spent in this place.
 E = Time spent auto-exploring this place.
 F = Levels seen in this place.
 G = Mean time per level.
                   A        B        C        D        E       F      G
               +--------+--------+--------+--------+--------+-----+--------+
         Total |   2076 |   2045 |     31 |    437 |   1271 |   3 |  692.0 |
       Dungeon |   2076 |   2045 |     31 |    437 |   1271 |   3 |  692.0 |
               +--------+--------+--------+--------+--------+-----+--------+

Top non-repeatable levels by time:
     D:1: 1208 daAuts
     D:2: 789 daAuts
     D:3: 78 daAuts
